 Dungeon Crawl Stone Soup version 0.24-a0-243-g8f5f5cd (webtiles) character file.

Game seed: 5391578816543117074

45140 xeno23 the Covert (level 14, -8/108 HPs)
             Began as an Octopode Assassin on Apr 9, 2019.
             Was a Follower of Uskayaw.
             Shot with a bolt by an orc warrior (25 damage)
             ... on level 2 of the Orcish Mines on Apr 10, 2019.
             The game lasted 01:42:26 (20966 turns).

xeno23 the Covert (Octopode Assassin)              Turns: 20966, Time: 01:42:26

Health: -8/108     AC:  3    Str: 16    XL:     14   Next: 31%
Magic:  22/22      EV: 19    Int: 19    God:    Uskayaw [*.....]
Gold:   1427       SH:  0    Dex: 17    Spells: 16/24 levels left

rFire    . . .     SeeInvis +   a - +3 rapier (venom)
rCold    . . .     Gourm    .   (no shield)
rNeg     . . .     Faith    .   (helmet restricted)
rPois    +         Spirit   .   G - amulet of regeneration
rElec    .         Reflect  .   n - ring of see invisible
rCorr    +         Harm     .   q - ring of poison resistance
MR       +....                  A - +2 ring of protection
Stlth    +++++++++.             E - ring of stealth
HPRegen  0.68/turn              K - +4 ring of intelligence
MPRegen  0.18/turn              L - +4 ring of slaying
                                V - ring of stealth
                                R - ring of resist corrosion

@: about to teleport
A: almost no armour, stealthy swim, amphibious, 8 rings, constrict 8, camouflage
1, clever 1, robust 1, strong 2, gelatinous body 1, subdued magic 1
a: Stomp, Renounce Religion


You were on level 2 of the Orcish Mines.
You worshipped Uskayaw.
Uskayaw was noncommittal.
You were not hungry.

You visited 3 branches of the dungeon, and saw 19 of its levels.

You collected 1588 gold pieces.
You spent 161 gold pieces at shops.

Inventory:

Hand Weapons
 a - a +3 rapier of venom (weapon)
 d - a +5 dagger of venom
 s - a +0 blowgun
 M - a +2 hunting sling of velocity
Missiles
 c - 109 poisoned needles
 N - 135 sling bullets
 Q - 10 curare-tipped needles
Jewellery
 n - a ring of see invisible (left tentacle)
 q - a ring of poison resistance (right tentacle)
 A - a +2 ring of protection (on tentacle)
 E - a ring of stealth (on tentacle)
 G - an amulet of regeneration (around mantle)
 K - a +4 ring of intelligence (on tentacle)
 L - a +4 ring of slaying (on tentacle)
 R - a ring of resist corrosion (on tentacle)
 V - a ring of stealth (on tentacle)
Wands
 x - a wand of iceblast (9)
 y - a wand of digging (6)
 D - a wand of scattershot (10)
 P - a wand of acid (12)
 S - a wand of enslavement (8)
Scrolls
 b - a scroll of fear
 e - a scroll of identify
 i - 2 scrolls of noise {unknown}
 k - 3 scrolls of teleportation
 l - 3 scrolls of enchant armour {unknown}
 m - 4 scrolls of immolation
 p - 8 scrolls of enchant weapon
 r - 3 scrolls of random uselessness {unknown}
 C - 4 scrolls of fog {unknown}
 O - a scroll of summoning {unknown}
 T - 6 scrolls of remove curse
 Z - a scroll of blinking {unknown}
Potions
 g - 3 potions of brilliance
 h - 9 potions of heal wounds
 j - 4 potions of agility
 u - a potion of invisibility
 v - 11 potions of curing
 z - 2 potions of haste
 B - 3 potions of flight
 F - a potion of mutation
 H - 3 potions of might
 J - 2 potions of magic
 X - 3 potions of lignification
 Y - a potion of cancellation
Miscellaneous
 U - a box of beasts
Comestibles
 f - 39 rations
 o - 4 chunks of flesh


   Skills:
 + Level 10.4 Fighting
 - Level 12.0 Short Blades
 - Level 2.0 Throwing
 * Level 8.1 Dodging
 + Level 14.6 Stealth
 + Level 5.5 Spellcasting
 + Level 7.4 Transmutations
 + Level 7.4 Earth Magic
 + Level 5.8 Invocations
 - Level 5.0 Evocations


You had 16 spell levels left.
You knew the following spells:

 Your Spells              Type           Power        Failure   Level  Hunger
a - Petrify               Tmut/Erth      ####....     4%          4    ####...
g - Blink                 Tloc           N/A          16%         2    None
s - Passwall              Tmut/Erth      ####....     1%          2    None

Your spell library contained the following spells:

 Spells                   Type           Power        Failure   Level  Hunger
 Sandblast                Erth           ####..       1%          1    None
 Stone Arrow              Conj/Erth      ##....       6%          3    ##.....
 Magic Dart               Conj           #...         10%         1    None
 Summon Small Mammal      Summ           #...         10%         1    None
 Lee's Rapid Deconstruct  Erth           ####......   13%         5    #####..
 Call Imp                 Summ           #.......     16%         2    None
 Slow                     Hex            #.......     16%         2    None
 Call Canine Familiar     Summ           #.......     30%         3    ##.....
 Conjure Flame            Conj/Fire      #.......     30%         3    ##.....
 Mephitic Cloud           Conj/Pois/Air  #.......     30%         3    ##.....
 Summon Guardian Golem    Hex/Summ       #.......     30%         3    ##.....
 Summon Ice Beast         Ice/Summ       #.......     71%         4    ####...
 Summon Lightning Spire   Summ/Air       #.......     71%         4    ####...


Dungeon Overview and Level Annotations

Branches:
Dungeon (11/15)            Temple (0/1) D:5            Lair (6/6) D:10
  Swamp (0/4) Lair:2       Spider (0/4) Lair:2        Slime (0/5) Lair:6
    Orc (2/2) D:11            Elf (0/3) Orc:2

Altars:
Fedhas
Hepliaklqana
Kikubaaqudgha
Okawaru
Qazlal
Sif Muna
Uskayaw

Shops:
D:11 (   Orc:2 *!=*

Annotations:
Lair:4 3 runed translucent doors, Stiffzip's ghost, journeyman MfBe
Orc:2 Blork the orc


Innate Abilities, Weirdness & Mutations

You cannot wear most types of armour.
You are very stealthy in the water. (Stealth+)
You are amphibious.
You can wear up to eight rings at the same time.
You can use your tentacles to constrict eight enemies at once.
Your skin changes colour to match your surroundings (Stealth+).
Your rubbery body absorbs attacks. (AC +1, EV +1)
Your mind is acute. (Int +2)
You are robust. (+10% HP)
Your muscles are very strong. (Str +4)
Your spells are a little easier to cast, but a little less powerful.


Message History

An orc warrior comes into view. It is wielding a +0 glaive.
Found three shops.
An orc, an orc warrior and an orc knight come into view.
The orc warrior barely misses you.
Found Vaamaur's Assorted Antiques.
As you read the scroll of teleportation, it crumbles to dust.
You feel strangely unstable. The orc hits you with a +0 mace.
* * * LOW HITPOINT WARNING * * *
The orc warrior barely misses you.
You take 4 damage.
The orc warrior unwields a +0 battleaxe.
The orc warrior wields a +0 arbalest.
The orc warrior shoots a bolt.
The bolt misses you. The orc warrior completely misses you.
The orc warrior shouts!
The orc shouts!
The orc knight shouts!
You see here a bolt.
You hear a shout!
The orc warrior hits you with a +0 trident!
* * * LOW HITPOINT WARNING * * *
The orc warrior shoots a bolt.
The bolt hits you!!
You die...

...........................
##..##..##...###...##..##c.
... ..≈≈# #≈≈......... .≈≈
#≈≈≈........ .#. ≈≈
####≈≈≈≈.c....c.... ##∩#
≈≈≈....c.#..
####..o####≈≈≈≈..c..#..#
.....∩.o..ooooc.........
.....∩.@(.ooo.c.........
####...####≈≈≈≈.... #...
##∩# ≈≈≈......#... ##
≈.......c.... .......c.#...
....... #... #..##.. #...#
... ........ ......##


You could see an orc knight, 5 orc warriors, 2 centaurs and 3 orcs.

Vanquished Creatures
  The ghost of DEFE the Arsonist, a journeyman OpFE of Zin (Lair:6)
  Harold (D:7)
  5 hydras
  An ice dragon (Lair:6)
  A catoblepas (Lair:6)
  An anaconda (Lair:6)
  2 two-headed ogres
  An unseen horror (D:11)
  A lindwurm (Lair:6)
  3 oklob plants (Lair:3)
  Pikel (D:4)
  A deep elf mage (D:9)
  An ugly thing (D:11)
  A centaur zombie (D:10)
  2 black mambas
  Maurice (D:8)
  Joseph (D:8)
  13 spiny frogs
  6 torpor snails
  8 komodo dragons
  3 polar bears
  2 trolls (Orc:1)
  8 hornets (Lair:6)
  Grinder (D:6)
  4 tyrant leeches (Lair:6)
  Prince Ribbit (D:9)
  7 hippogriffs
  A slime creature (Lair:6)
  8 blink frogs
  6 dream sheep
  A wraith (D:11)
  Sigmund (D:6)
  A spriggan (Lair:2)
  Grum (Lair:1)
  2 wyverns
  Eustachio (D:4)
  30 yaks
  A basilisk (Lair:3)
  A hungry ghost (D:7)
  5 wargs
  Menkaure (D:7)
  A soldier ant (D:11)
  8 water moccasins
  4 porcupines
  A floating eye (Lair:3)
  3 black bears
  2 phantoms
  10 orc warriors
  8 ice beasts
  2 eyes of draining
  10 wolves
  6 ogres
  14 centaurs
  6 crocodiles
  5 big kobolds
  10 bullfrogs
  A wyvern zombie (D:11)
  5 scorpions
  5 jellies
  5 killer bees (D:10)
  10 electric eels
  4 howler monkeys
  4 crimson imps
  A bullfrog zombie (D:8)
  2 hounds
  7 orc priests
  Crazy Yiuf (D:2)
  2 centaur skeletons
  A bullfrog skeleton (D:9)
  Jessica (D:2)
  4 iguanas
  Terence (D:3)
  13 orc wizards
  12 worker ants
  A hound skeleton (D:8)
  A howler monkey zombie (D:8)
  13 adders
  8 gnolls
  2 howler monkey skeletons (D:6)
  A shadow imp (D:6)
  An ooze (D:1)
  An adder zombie (D:8)
  3 worms
  7 dart slugs (D:6)
  A leopard gecko (D:10)
  52 orcs
  4 ball pythons
  7 giant cockroaches
  6 goblins
  6 hobgoblins
  3 quokkas
  7 bats
  2 frilled lizards
  15 kobolds
  7 rats
  3 plants (Lair:6)
458 creatures vanquished.

Vanquished Creatures (others)
  A crimson imp (D:5)
  A worker ant (D:5)
  A dart slug (D:6)
  4 fungi (Lair:6)
  7 plants
14 creatures vanquished.

Grand Total: 472 creatures vanquished

Notes
Turn   | Place    | Note
-------+----------+-------------------------------------------
     0 | D:1      | xeno23 the Octopode Assassin began the quest for the Orb.
     0 | D:1      | Reached XP level 1. HP: 14/14 MP: 1/1
   243 | D:1      | Reached XP level 2. HP: 19/19 MP: 2/2
   833 | D:2      | Noticed Jessica
   838 | D:2      | Killed Jessica
   838 | D:2      | Reached XP level 3. HP: 25/25 MP: 3/3
   840 | D:2      | Found a stormy altar of Qazlal.
  1013 | D:2      | Reached skill level 6 in Stealth
  1013 | D:2      | Reached XP level 4. HP: 19/30 MP: 4/4
  1019 | D:2      | Found a hazy altar of Hepliaklqana.
  1110 | D:2      | Found an iron altar of Okawaru.
  1327 | D:2      | Found a runed translucent door.
  1328 | D:2      | Noticed Crazy Yiuf
  1400 | D:2      | Killed Crazy Yiuf
  1400 | D:2      | Reached XP level 5. HP: 36/36 MP: 5/5
  1673 | D:3      | Noticed Terence
  1675 | D:3      | Killed Terence
  1863 | D:3      | Reached XP level 6. HP: 42/42 MP: 6/6
  2122 | D:4      | Noticed Eustachio
  2125 | D:4      | Killed Eustachio
  2125 | D:4      | Reached skill level 5 in Short Blades
  2125 | D:4      | Reached skill level 7 in Stealth
  2139 | D:4      | Found an ancient bone altar of Kikubaaqudgha.
  2326 | D:4      | Reached XP level 7. HP: 32/48 MP: 7/7
  2369 | D:4      | Found a hide-covered altar of Uskayaw.
  2372 | D:4      | Became a worshipper of Uskayaw the Reveler
  2391 | D:4      | Reached * piety under Uskayaw
  2678 | D:5      | Entered Level 5 of the Dungeon
  2700 | D:5      | Reached ** piety under Uskayaw
  2702 | D:5      | Reached *** piety under Uskayaw
  2705 | D:5      | Reached **** piety under Uskayaw
  2774 | D:5      | Found a deep blue altar of Sif Muna.
  2990 | D:5      | Noticed Pikel
  3183 | D:4      | Killed Pikel
  3183 | D:4      | Reached skill level 5 in Fighting
  3183 | D:4      | Reached skill level 8 in Stealth
  3183 | D:4      | Reached XP level 8. HP: 17/55 MP: 8/8
  3318 | D:5      | Found a staircase to the Ecumenical Temple.
  3639 | D:6      | Reached skill level 9 in Stealth
  4287 | D:6      | Noticed Grinder
  4300 | D:6      | Killed Grinder
  4300 | D:6      | Reached XP level 9. HP: 62/62 MP: 9/9
  4518 | D:6      | Noticed Sigmund
  4523 | D:6      | Killed Sigmund
  4523 | D:6      | Reached skill level 10 in Stealth
  5132 | D:7      | Noticed Menkaure
  5139 | D:7      | Killed Menkaure
  5944 | D:7      | Noticed Harold
  6633 | D:7      | Learned a level 2 spell: Passwall
  6665 | D:8      | Noticed Joseph
  6889 | D:8      | Killed Joseph
  6889 | D:8      | Reached skill level 11 in Stealth
  6889 | D:8      | Reached skill level 1 in Spellcasting
  6889 | D:8      | Reached skill level 1 in Transmutations
  6889 | D:8      | Reached skill level 1 in Earth Magic
  6889 | D:8      | Reached XP level 10. HP: 43/71 MP: 9/11
  7045 | D:8      | Reached skill level 10 in Short Blades
  7139 | D:8      | Noticed Maurice
  7292 | D:7      | Killed Harold
  7306 | D:7      | Found a blossoming altar of Fedhas.
  7890 | D:8      | Noticed a three-headed hydra
  7890 | D:8      | Reached ***** piety under Uskayaw
  7930 | D:8      | Killed a three-headed hydra
  7930 | D:8      | Reached XP level 11. HP: 35/77 MP: 13/15
  8527 | D:8      | Killed Maurice
  8655 | D:9      | Noticed Prince Ribbit
  8658 | D:9      | Killed Prince Ribbit
  8701 | D:9      | Noticed a deep elf mage
  8731 | D:9      | Killed a deep elf mage
  8731 | D:9      | Reached skill level 12 in Stealth
  9654 | D:9      | Learned a level 4 spell: Petrify
 10192 | D:10     | Entered Level 10 of the Dungeon
 10198 | D:10     | Found a staircase to the Lair.
 11097 | D:10     | Noticed a two-headed ogre
 12256 | D:10     | Killed a two-headed ogre
 12256 | D:10     | Reached skill level 5 in Transmutations
 12256 | D:10     | Reached skill level 5 in Earth Magic
 12256 | D:10     | Reached XP level 12. HP: 84/84 MP: 16/16
 12429 | Lair:1   | Entered Level 1 of the Lair of Beasts
 12525 | Lair:1   | Noticed Grum
 12544 | Lair:1   | Reached skill level 13 in Stealth
 12547 | Lair:1   | Killed Grum
 12964 | Lair:1   | Reached skill level 1 in Invocations
 12964 | Lair:1   | Reached skill level 1 in Evocations
 12995 | Lair:1   | You fall through a shaft!
 13198 | Lair:1   | Noticed a seven-headed hydra
 13630 | Lair:1   | Killed a seven-headed hydra
 13715 | Lair:1   | Gained mutation: Your body sometimes deteriorates upon
                  | taking damage. [potion of mutation]
 13715 | Lair:1   | Gained mutation: You are agile. (Dex +2) [potion of
                  | mutation]
 13716 | Lair:1   | Lost mutation: Your body sometimes deteriorates upon taking
                  | damage. [potion of mutation]
 13716 | Lair:1   | Lost mutation: You are agile. (Dex +2) [potion of mutation]
 13716 | Lair:1   | Gained mutation: Your magical capacity is low. (-10% MP)
                  | [potion of mutation]
 13716 | Lair:1   | Gained mutation: Your spells are a little easier to cast,
                  | but a little less powerful. [potion of mutation]
 13716 | Lair:1   | Gained mutation: Your muscles are strong. (Str +2) [potion
                  | of mutation]
 13716 | Lair:1   | Gained mutation: Your flesh is heat resistant. (rF+)
                  | [potion of mutation]
 13748 | Lair:2   | Found a staircase to the Swamp.
 14587 | Lair:2   | Found a hole to the Spider Nest.
 14622 | Lair:2   | Reached ****** piety under Uskayaw
 15316 | Lair:3   | Lost mutation: Your flesh is heat resistant. (rF+) [potion
                  | of mutation]
 15316 | Lair:3   | Lost mutation: Your magical capacity is low. (-10% MP)
                  | [potion of mutation]
 15316 | Lair:3   | Lost mutation: Your muscles are strong. (Str +2) [potion of
                  | mutation]
 15316 | Lair:3   | Gained mutation: Your mind is acute. (Int +2) [potion of
                  | mutation]
 15316 | Lair:3   | Gained mutation: Your muscles are strong. (Str +2) [potion
                  | of mutation]
 15316 | Lair:3   | Gained mutation: Your muscles are very strong. (Str +4)
                  | [potion of mutation]
 15316 | Lair:3   | Gained mutation: You are robust. (+10% HP) [potion of
                  | mutation]
 15507 | Lair:3   | Reached skill level 5 in Dodging
 15538 | Lair:3   | Paralysed by a floating eye for 4 turns
 15634 | Lair:3   | Reached XP level 13. HP: 76/99 MP: 19/19
 16922 | Lair:4   | Found a runed translucent gate.
 16923 | Lair:4   | Found a runed translucent gate.
 16924 | Lair:4   | Found a runed translucent gate.
 17196 | Lair:4   | Noticed Stiffzip's ghost (journeyman MfBe)
 17719 | Lair:5   | You fall through a shaft!
 17719 | Lair:6   | Entered Level 6 of the Lair of Beasts
 18102 | Lair:5   | Reached skill level 14 in Stealth
 18102 | Lair:5   | Reached skill level 5 in Spellcasting
 18388 | Lair:6   | Reached skill level 10 in Fighting
 18569 | Lair:6   | Found a runed translucent door.
 18569 | Lair:6   | Noticed DEFE's ghost (journeyman OpFE)
 18696 | Lair:6   | Killed DEFE's ghost
 19048 | Lair:6   | Found a staircase to the Slime Pits.
 19256 | Lair:6   | Reached skill level 5 in Invocations
 19256 | Lair:6   | Reached skill level 5 in Evocations
 19606 | Lair:6   | Found a runed translucent door.
 19607 | Lair:6   | Noticed an ice dragon
 19626 | Lair:6   | Killed an ice dragon
 19701 | Lair:6   | Reached XP level 14. HP: 108/108 MP: 21/21
 19791 | Lair:6   | Paralysed by a hornet for 1 turns
 19819 | Lair:6   | Learned a level 2 spell: Blink
 20088 | D:11     | Found Giobrutoum's Antique Weapon Boutique.
 20115 | D:11     | Bought a runed rapier for 161 gold pieces
 20447 | D:11     | Found a staircase to the Orcish Mines.
 20629 | Orc:1    | Entered Level 1 of the Orcish Mines
 20730 | Orc:2    | Entered Level 2 of the Orcish Mines
 20730 | Orc:2    | Found a staircase to the Elven Halls.
 20959 | Orc:2    | Noticed Blork the orc
 20962 | Orc:2    | Found Lisuj's Jewellery Boutique.
 20962 | Orc:2    | Found Nonoos's Distillery.
 20962 | Orc:2    | Found Foejurao's General Store.
 20963 | Orc:2    | Found Vaamaur's Assorted Antiques.
 20966 | Orc:2    | Shot with a bolt by an orc warrior

Levels and vault maps discovered:
D:1:      nicolae_arrival_memento_mori, layout_loops_corners
D:2:      layout_rooms, overflow_temple_1_default,
          lemuel_coloured_pillars_altar, first_ration, grunt_qazlal_sundering,
          uniq_jessica, uniq_crazy_yiuf_cottage
D:3:      layout_basic, uniq_terence
D:4:      layout_loops_ring, kennysheep_mini_moat,
          nicolae_overflow_hidden_temple, guppyfry_early_lair_pool,
          uniq_eustachio
D:5:      layout_basic, minmay_temple_entry_glass, lemuel_blue_sif_altar,
          uniq_pikel
D:6:      kennysheep_slugbush, layout_basic, uniq_grinder, uniq_sigmund
D:7:      layout_layer_cave, marbit_many_paths, uniq_menkaure, uniq_harold
D:8:      nicolae_whirlpool, layout_cave_pools, hangedman_ranch
          [blue_anna_fruit_fields], minmay_circle_x, uniq_joseph, uniq_maurice
D:9:      layout_roguey, serial_aquarium, aquarium_bridge_square
          [aquarium_subvault_window, aquarium_subvault_balcony,
          aquarium_subvault_wall, aquarium_subvault_bridge],
          aquarium_bridge_square [aquarium_subvault_bridge,
          aquarium_subvault_bridge, aquarium_subvault_bridge,
          aquarium_subvault_balcony], aquarium_window_fake, aquarium_window_3,
          aquarium_view_2e, uniq_prince_ribbit1
D:10:     layout_roguey, erik_lair_orcish_takeover, grunt_potential
D:11:     layout_small_grid, orc_0_dummy, serial_shops, shop
Lair:1:   layout_roguey, serial_bayou_ford_a, st_stairs_10,
          serial_bayou_shore_a, uniq_grum
Lair:2:   layout_cave_pods, minmay_swamp_entry_reptiles,
          nicolae_spider_entry_non_spiders, forest_entry_grove
Lair:3:   layout_chaotic_city, disabler_island, grunt_megastairs_2
Lair:4:   layout_regular_city, gammafunk_ghost_icy, serial_bayou_lake_a
Lair:5:   layout_gridlike, grunt_megastairs_4, lemuel_fruit_tree
Lair:6:   wormcave, layout_regular_city, minmay_slime_entry_pillars,
          ebering_ghost_inner_flame, bh_autumn_forest_stairs
Orc:1:    layout_caves
Orc:2:    st_orc_rangers, layout_caves, serial_shops,
          nicolae_shop_competitors_out_of_business, sword_in_stone

Skill      XL: |  1  2  3  4  5  6  7  8  9 10 11 12 13 14 |
---------------+-------------------------------------------+-----
Short Blades   | 3 4 5 6 8 9 10 12 | 12.0
Stealth        | 6 7 8 9 11 12 13 14 | 14.6
Fighting       | 3 4 5 7 8 9 10 | 10.4
Spellcasting   | 1 2 3 4 5 |  5.5
Transmutations | 1 3 5 6 7 |  7.4
Earth Magic    | 1 3 5 6 7 |  7.4
Dodging        | 5 7 8 |  8.1
Invocations    | 3 5 |  5.8
Evocations     | 3 5 |  5.0
Throwing       | |  2.0

Action                   |  1- 3 |  4- 6 |  7- 9 | 10-12 | 13-15 || total
-------------------------+-------+-------+-------+-------+-------++-------
Melee: Dagger            |    43 |    32 |       |   427 |   212 ||   714
       Constrict         |     7 |    14 |    36 |    70 |    35 ||   162
       Tentacles         |     4 |    15 |    43 |   125 |    69 ||   256
       Short sword       |       |    44 |   208 |   100 |    14 ||   366
       Rapier            |       |       |       |       |    88 ||    88
 Fire: Blowgun           |       |       |    41 |    12 |       ||    53
       Hunting sling     |       |       |       |       |    70 ||    70
 Cast: Passwall          |       |       |       |     5 |     4 ||     9
       Petrify           |       |       |       |     6 |    28 ||    34
Evoke: Wand              |       |       |       |     1 |       ||     1
  Use: Scroll            |       |     3 |    12 |     3 |     8 ||    26
       Potion            |       |       |       |     4 |     2 ||     6
 Stab: Sleeping          |    11 |    17 |    12 |    40 |    43 ||   123
       Paralysed         |       |       |     8 |    15 |    14 ||    37
       Distracted        |       |       |     1 |     6 |     3 ||    10
       Petrified         |       |       |       |     2 |     8 ||    10
       Petrifying        |       |       |       |       |     1 ||     1
  Eat: Chunk             |       |     4 |    10 |    26 |    14 ||    54
       Ration            |       |       |     2 |     1 |     2 ||     5
Armor: Skin              |     3 |     4 |    12 |    52 |    12 ||    83
Dodge: Dodged            |    26 |    30 |    78 |   178 |   168 ||   480
Block: Other             |       |       |       |    10 |     9 ||    19
       Reflection        |       |       |       |     1 |       ||     1

Table legend:
 A = Non-vault XP
 B = Vault XP
 C = Vault XP percentage of total XP
 D = Non-vault monster count
 E = Vault monster count
 F = Vault count percentage of total count
                 A         B        C        D         E       F
            +---------+---------+-------+---------+---------+-------
      Total |   39325 |   25162 |  39.0 |     332 |     123 |  27.0
            +---------+---------+-------+---------+---------+-------
        D:1 |      27 |       0 |   0.0 |      15 |       0 |   0.0
        D:2 |      62 |      79 |  56.0 |      14 |       2 |  12.5
        D:3 |     123 |      36 |  22.6 |      23 |       1 |   4.2
        D:4 |     150 |     797 |  84.2 |      11 |       3 |  21.4
        D:5 |     448 |       0 |   0.0 |      13 |       0 |   0.0
        D:6 |    1019 |     528 |  34.1 |      24 |       9 |  27.3
        D:7 |     954 |    1244 |  56.6 |      15 |       3 |  16.7
        D:8 |     667 |    3841 |  85.2 |      12 |      18 |  60.0
        D:9 |    3278 |     615 |  15.8 |      37 |       4 |   9.8
       D:10 |    2546 |    2126 |  45.5 |      29 |      25 |  46.3
       D:11 |    3363 |       0 |   0.0 |      22 |       0 |   0.0
     Lair:1 |    3979 |    1156 |  22.5 |      16 |       6 |  27.3
     Lair:2 |    3718 |    1881 |  33.6 |      15 |      19 |  55.9
     Lair:3 |    3045 |    2241 |  42.4 |      16 |       5 |  23.8
     Lair:4 |    4443 |       0 |   0.0 |      21 |       0 |   0.0
     Lair:5 |    2371 |    1004 |  29.7 |      12 |       1 |   7.7
     Lair:6 |    7559 |    9390 |  55.4 |      20 |      25 |  55.6
      Orc:1 |    1028 |       0 |   0.0 |       6 |       0 |   0.0
      Orc:2 |     545 |     224 |  29.1 |      11 |       2 |  15.4
            +---------+---------+-------+---------+---------+-------
